 Dungeon Crawl Stone Soup version 0.17-a0-1582-ge6b0260 (webtiles) character file.

70 patman the Chopper (level 4, -1/39 HPs)
             Began as a Minotaur Berserker on July 27, 2015.
             Was a Follower of Trog.
             Slain by a wight
             ... wielding a +0 mace
              (4 damage)
             ... on level 4 of the Dungeon.
             The game lasted 00:01:20 (416 turns).

patman the Chopper (Minotaur Berserker)              Turns: 416, Time: 00:01:21

Health: -1/39      AC:  2    Str: 22    XL:     4   Next: 3%
Magic:  3/3        EV:  7    Int:  4    God:    Trog [*.....]
Gold:   15         SH:  0    Dex: 10    Spells: 0 memorised, 3 levels left

rFire  . . .     SeeInvis .     a - +0 hand axe
rCold  . . .     Clarity  .     b - +0 animal skin
rNeg   . . .     SustAt   .     (no shield)
rPois  .         Gourm    .     (helmet restricted)
rElec  .         Spirit   .     (no cloak)
rCorr  .         Warding  .     (no gloves)
rMut   .         Stasis   .     (no boots)
MR     .....                    (no amulet)
Stlth  +.........               (no ring)
                                (no ring)

@: drained, not resistant to hostile enchantments, very unstealthy
A: retaliatory headbutt, horns 2
a: Burn Spellbooks, Berserk, Renounce Religion


You were on level 4 of the Dungeon.
You worshipped Trog.
Trog was aware of your devotion.
You were not hungry.

You visited 1 branch of the dungeon, and saw 4 of its levels.

You collected 15 gold pieces.

Inventory:

Hand weapons
 a - a +0 hand axe (weapon)
 g - the +6 dagger of Discomfort {vamp, rElec Int+3, unknown}
   (You found it on level 4 of the Dungeon)

   It inflicts no extra harm, but heals its wielder somewhat when it strikes a
   living foe.
   It affects your intelligence (+3).
   It insulates you from electricity.
Armour
 b - a +0 animal skin (worn)
Scrolls
 e - a scroll of fear {unknown}
 h - a scroll of identify {unknown}
Potions
 f - a potion of brilliance {unknown}
Comestibles
 c - a bread ration
 d - a meat ration


   Skills:
 - Level 3.6(3.2) Fighting
 + Level 5.9(5.6) Axes
 - Level 2.4(2.0) Armour
 - Level 2.1(1.8) Dodging


You had 3 spell levels left.
You didn't know any spells.

Dungeon Overview and Level Annotations

Branches:
Dungeon (4/15)
 Temple: D:4-7

Altars:


Innate Abilities, Weirdness & Mutations

You reflexively headbutt those who attack you in melee.
You have a pair of horns on your head.


Message History

You open the door.
There is an open door here.
Things that are here:
an enchanted great sword; a robe An iguana and a wight come into view.
The iguana hisses angrily.
The iguana moves out of view.
A wight comes into view. It is wielding an enchanted spear.
A wight comes into view. It is wielding an enchanted battleaxe.
There is an open door here.
Things that are here:
an enchanted great sword; a robe You see here a short sword.
Things that are here:
a club; a hobgoblin corpse
There is a stone staircase leading up here.
The wight hits you with a mace!
* * * LOW HITPOINT WARNING * * *
You feel drained.
You die...

#... #....#.....
#...##...##...#
+...#....##...###
#...#...........#
#...'z..).l.....#
#..###...##)....#
#. ###'####.z...#
.z #.........z..#
.. +.........@..#
.. #.....##....##
# ##....##....##
###....##.....#
#.............#
+.............#
#.............#
#.............#
###############


You could see an iguana and 2 wights.

Vanquished Creatures
  A wight (D:4)
  An adder (D:3)
  An orc (D:4)
  2 ball pythons
  A giant cockroach (D:1)
  2 goblins (D:2)
  2 hobgoblins
  4 jackals (D:3)
  2 bats
  A kobold (D:2)
  A rat (D:2)
18 creatures vanquished.

Notes
Turn   | Place    | Note
--------------------------------------------------------------
     0 | D:1      | patman the Minotaur Berserker began the quest for the Orb.
     0 | D:1      | Reached XP level 1. HP: 19/19 MP: 0/0
   213 | D:2      | Reached skill level 4 in Axes
   294 | D:3      | Reached XP level 2. HP: 26/26 MP: 1/1
   314 | D:3      | Reached skill level 5 in Axes
   336 | D:4      | Got a faintly glowing dagger
   343 | D:4      | Reached XP level 3. HP: 7/31 MP: 2/2
   344 | D:4      | Noticed a wight
   348 | D:4      | HP: 1/46 [wight/enchanted great sword (3)]
   349 | D:4      | Killed a wight
   349 | D:4      | Reached XP level 4. HP: 1/39 MP: 3/3
   403 | D:4      | Noticed a wight
   404 | D:4      | Noticed a wight
   405 | D:4      | Noticed a wight
   416 | D:4      | Slain by a wight

Vault maps used:
D:1:      ncdulo_smallfort
D:2:      first_bread
D:3:      elyvilon_altar_4, nicolae_qazlal_eye_of_the_storm,
          kennysheep_generic_room_12, uniq_terence, uniq_robin
D:4:      kennysheep_six_static_rooms, nemelex_xobeh_ov_fountains_minmay

Action                   |  1- 3 |  4- 6 || total
-------------------------+-------+-------++-------
Melee: Hand axe          |    20 |       ||    20
Invok: Berserk           |     1 |       ||     1
